 Dungeon Crawl Stone Soup version 0.27-a0-279-gdfb9265905 (webtiles) character file.

Game seed: 13339882410296994984

5838 Fenrir042 the Thaumaturge (level 10, -16/63 HPs)
             Began as a Demonspawn Conjurer on Feb 7, 2021.
             Was a Priest of Vehumet.
             Hit by a javelin thrown by Urug (20 damage)
             ... on level 10 of the Dungeon on Feb 9, 2021.
             The game lasted 00:54:45 (10658 turns).

Fenrir042 the Thaumaturge (Demonspawn Conjurer)    Turns: 10658, Time: 00:54:46

Health: -16/63     AC:  5    Str: 14    XL:     10   Next: 51%
Magic:  0/33       EV: 15    Int: 22    God:    Vehumet [***...]
Gold:   395        SH:  8    Dex: 13    Spells: 16/29 levels left

rFire    . . .     SeeInvis .   s - +8 dagger of Paper {vamp, Str+5 Stlth+}
rCold    + + .     Faith    .   G - +0 kite shield
rNeg     . . .     Spirit   +   a - +0 robe
rPois    .         Reflect  .   (helmet restricted)
rElec    .         Harm     .   y - +0 cloak
rCorr    .         Rampage  .   m - +0 pair of gloves of Vehumet's Grace {rC+}
Will     .....                  B - +0 pair of boots
Stlth    ++++......             (no amulet)
HPRegen  0.20/turn              g - ring of protection from cold
MPRegen  0.46/turn              O - ring of magical power

@: mighty, agile
A: antennae 1, thin skeletal structure 1, powered by pain 2, magic shield, magic
regeneration
a: Renounce Religion


You were on level 10 of the Dungeon.
You worshipped Vehumet.
Vehumet was most pleased with you.
You visited 2 branches of the dungeon, and saw 11 of its levels.

You collected 635 gold pieces.
You spent 240 gold pieces at shops.

Inventory:

Hand Weapons
 l - a +2 vampiric whip
 s - the +8 dagger of Paper (weapon) {vamp, Str+5 Stlth+}
   (You found it on level 5 of the Dungeon)

   It inflicts no extra harm, but heals its wielder when it wounds a living foe.
   It affects your strength (+5).
   It makes you more stealthy.
Armour
 a - a +0 robe (worn)
 m - the +0 pair of gloves of Vehumet's Grace (worn) {rC+}
   (You bought it in a shop on level 9 of the Dungeon)

   It protects you from cold.
 v - a scarf of harm
 y - a +0 cloak (worn)
 B - a +0 pair of boots (worn)
 F - a +0 cloak
 G - a +0 kite shield (worn)
 P - a +2 pair of gloves of dexterity
Jewellery
 g - a ring of protection from cold (left hand)
 C - an uncursed ring of fire
 L - an uncursed ring of fire
 M - an uncursed ring of fire
 O - a ring of magical power (right hand)
Wands
 e - a wand of polymorph (1)
 q - a wand of flame (15)
 D - a wand of iceblast (7)
Scrolls
 b - 5 scrolls of remove curse
 c - 10 scrolls of identify
 j - a scroll of magic mapping
 p - 3 scrolls of amnesia
 u - a scroll of fog {unknown}
 E - a scroll of holy word {unknown}
 H - a scroll of enchant armour {unknown}
 K - a scroll of teleportation
Potions
 d - a potion of attraction {unknown}
 f - 2 potions of heal wounds
 h - 2 potions of curing
 i - 4 potions of lignification
 n - 2 potions of ambrosia
 r - a potion of degeneration {unknown}
 w - a potion of brilliance {unknown}
 x - a potion of berserk rage {unknown}
 z - a potion of flight {unknown}
 A - a potion of mutation {unknown}
 I - a potion of haste {unknown}
 J - 2 potions of cancellation {unknown}


   Skills:
 - Level 1.7 Dodging
 - Level 1.7 Stealth
 * Level 3.3 Shields
 - Level 0.2 Unarmed Combat
 + Level 10.4 Spellcasting
 + Level 10.3 Conjurations
 - Level 4.0 Translocations


You had 16 spell levels left.
You knew the following spells:

 Your Spells              Type           Power        Failure   Level
a - Magic Dart            Conj           100%         1%          1
b - Searing Ray           Conj           100%         1%          2
c - Iskenderun's Mystic   Conj/Tloc      43%          4%          4
d - Mephitic Cloud        Conj/Pois/Air  26%          5%          3
e - Stone Arrow           Conj/Erth      68%          2%          3

Your spell library contained the following spells:

 Spells                   Type           Power        Failure   Level
 Conjure Flame            Conj/Fire      34%          2%          3
 Dazzling Flash           Conj/Hex       68%          2%          3
 Blink                    Tloc           N/A          8%          2
 Fulminant Prism          Conj/Hex       17%          9%          4
 Summon Small Mammal      Summ           44%          26%         1
 Call Imp                 Summ           11%          36%         2
 Slow                     Hex            11%          36%         2
 Call Canine Familiar     Summ           11%          61%         3
 Summon Guardian Golem    Hex/Summ       11%          61%         3
 Summon Ice Beast         Ice/Summ       11%          95%         4
 Summon Lightning Spire   Summ/Air       11%          95%         4


Dungeon Overview and Level Annotations

Branches:
Dungeon (10/15)            Temple (1/1) D:6            Lair (0/6) D:9
    Orc: D:9-12

Altars:
Ashenzari
Cheibriados
Dithmenos
Elyvilon
Fedhas
Gozag
Hepliaklqana
Kikubaaqudgha
Makhleb
Nemelex Xobeh
Okawaru
Qazlal
Ru
Sif Muna
Trog
Uskayaw
Vehumet
Wu Jian
Xom
Yredelemnul
Zin
The Shining One

Shops:
D:5 =   D:9 [

Annotations:
D:10 Urug


Innate Abilities, Weirdness & Mutations

You have a pair of small antennae on your head.
You have a somewhat thin skeletal structure. (Dex +2, Stealth)
You sometimes gain power by taking damage.
When hurt, damage is shared between your health and your magic reserves.
You regenerate magic rapidly.


Message History

You focus on the pain.
You feel very mighty all of a sudden.
You are electrocuted!
Casting: Searing Ray (safe; 1% risk of failure)
Confirm with . or Enter, or press ? or * to list all spells.
Aiming: Searing Ray (safe; 1% risk of failure)
Press: ? - help, Shift-Dir - straight line, f/p - Urug
Aim: Urug, wielding a +5 demon trident of electrocution, wearing a +0 scale mail, quivering javelins and carrying a wand of iceblast (8) (moderately wounded, 21% to evade)
The searing ray misses Urug. (Press . to maintain the ray.)
The searing ray hits Urug.
Urug is moderately wounded.
Urug hits you from afar with a +5 demon trident of electrocution!
* * * LOW HITPOINT WARNING * * *
Urug throws a javelin.
The javelin pierces through you!!
* * * LOW HITPOINT WARNING * * *
You focus on the pain.
You feel agile all of a sudden.
Urug throws a javelin.
The javelin pierces through you!!
You die...

#########
........###############
#######.<....†.†......#
##########@.....#
##......# ##.(.....#
#..####### #.o## #.##
.. ###


You could see Urug.

Vanquished Creatures
  A yak (D:9)
  A wraith (D:9)
  Eustachio (D:6)
  A steam dragon (D:9)
  Grum (D:9)
  Menkaure (D:4)
  6 water moccasins
  Duvessa (D:4)
  7 ogres
  3 ice beasts
  2 black bears
  3 wolves (D:9)
  7 big kobolds
  2 phantoms
  A gnoll sergeant (D:7)
  10 bullfrogs
  Dowan (D:4)
  3 scorpions
  4 wights (D:7)
  2 electric eels (D:6)
  2 howler monkeys
  2 quasits
  3 centaur skeletons
  5 hounds
  3 iguanas
  2 jellies
  3 orc priests
  Terence (D:3)
  Natasha (thrice) (D:2)
  3 orc wizards
  4 worker ants
  2 worker ant zombies (D:7)
  9 adders
  10 gnolls
  A shadow imp (D:9)
  A white imp (D:5)
  3 ufetubi
  An adder zombie (D:8)
  An adder skeleton (D:8)
  5 worms
  2 dart slugs
  8 leopard geckos
  18 orcs
  6 bats
  A bat zombie (D:7)
  4 giant cockroaches
  7 hobgoblins
  7 jackals
  A quokka (D:9)
  A ball python (D:1)
  6 frilled lizards
  6 goblins
  A jackal skeleton (D:4)
  A jackal zombie (D:6)
  47 kobolds
  2 leopard gecko zombies (D:5)
  11 rats
  3 rat zombies (D:7)
254 creatures vanquished.

Vanquished Creatures (others)
  33 fungi (D:9)
  34 plants
67 creatures vanquished.

Grand Total: 321 creatures vanquished

Notes
Turn   | Place    | Note
-------+----------+-------------------------------------------
     0 | D:1      | Fenrir042 the Demonspawn Conjurer began the quest for the
                  | Orb.
     0 | D:1      | Reached XP level 1. HP: 13/13 MP: 3/3
   274 | D:1      | Gained mutation: You sometimes gain a little power by
                  | taking damage. [demonic ancestry]
   274 | D:1      | Reached XP level 2. HP: 19/19 MP: 1/5
  1226 | D:2      | Gained mutation: You have a pair of small antennae on your
                  | head. [demonic ancestry]
  1226 | D:2      | Reached XP level 3. HP: 24/24 MP: 2/6
  1264 | D:2      | Found a shimmering altar of Xom.
  1321 | D:2      | Noticed Natasha
  1324 | D:2      | Killed Natasha
  1432 | D:2      | Noticed Natasha
  1454 | D:2      | Killed Natasha
  1455 | D:2      | Reached skill level 5 in Conjurations
  1455 | D:2      | Reached XP level 4. HP: 19/30 MP: 3/8
  1975 | D:2      | Noticed Natasha
  2022 | D:2      | Killed Natasha
  2156 | D:2      | Learned a level 2 spell: Searing Ray
  2734 | D:3      | Found a snail-covered altar of Cheibriados.
  2876 | D:3      | Gained mutation: You regenerate magic rapidly. [demonic
                  | ancestry]
  2876 | D:3      | Reached XP level 5. HP: 35/35 MP: 7/10
  2932 | D:3      | Found a basalt altar of Yredelemnul.
  3088 | D:3      | Noticed Terence
  3097 | D:3      | Killed Terence
  3398 | D:4      | Noticed Duvessa
  3400 | D:4      | Noticed Dowan
  3417 | D:4      | Killed Duvessa
  3418 | D:4      | Reached XP level 6. HP: 25/41 MP: 3/12
  3464 | D:4      | Killed Dowan
  3712 | D:4      | Learned a level 4 spell: Iskenderun's Mystic Blast
  3817 | D:4      | Noticed Menkaure
  3819 | D:4      | Reached skill level 5 in Spellcasting
  3936 | D:4      | Killed Menkaure
  3937 | D:4      | Reached skill level 1 in Translocations
  3937 | D:4      | Reached XP level 7. HP: 14/46 MP: 9/14
  4741 | D:5      | Entered Level 5 of the Dungeon
  4833 | D:5      | Found Qaimiass's Jewellery Emporium.
  4848 | D:5      | Found a glowing golden altar of the Shining One.
  5504 | D:5      | Noticed a moth of wrath
  5508 | D:5      | Found a bloodstained altar of Trog.
  5544 | D:5      | Got an iridescent dagger
  5550 | D:5      | Identified the +8 dagger of Paper {vamp, Str+5 Stlth+} (You
                  | found it on level 5 of the Dungeon)
  6213 | D:6      | Gained mutation: When hurt, damage is shared between your
                  | health and your magic reserves. [demonic ancestry]
  6213 | D:6      | Reached XP level 8. HP: 52/52 MP: 13/17
  6247 | D:6      | Found a staircase to the Ecumenical Temple.
  6260 | Temple   | Entered the Ecumenical Temple
  6271 | Temple   | Became a worshipper of Vehumet
  6599 | D:6      | Found a shimmering blue altar of Sif Muna.
  7215 | D:6      | Noticed Eustachio
  7225 | D:6      | Killed Eustachio
  7295 | D:6      | Reached * piety under Vehumet
  7295 | D:6      | Offered knowledge of Freeze by Vehumet.
  7520 | D:6      | Gained mutation: You sometimes gain power by taking damage.
                  | [demonic ancestry]
  7520 | D:6      | Reached XP level 9. HP: 50/57 MP: 15/20
  7577 | D:6      | Offered knowledge of Sandblast by Vehumet.
  7657 | D:6      | Reached ** piety under Vehumet
  7892 | D:7      | Found a basalt altar of Yredelemnul.
  8053 | D:7      | Found an ancient bone altar of Kikubaaqudgha.
  8375 | D:7      | Offered knowledge of Conjure Flame by Vehumet.
  8956 | D:8      | Reached skill level 1 in Shields
  8991 | D:8      | Learned a level 3 spell: Mephitic Cloud
  8997 | D:8      | Found a burning altar of Makhleb.
  8999 | D:8      | Noticed a green death
  9002 | D:8      | Found a glowing silver altar of Zin.
  9003 | D:8      | Noticed an angel
  9242 | D:8      | Found an opulent altar of Gozag.
  9247 | D:8      | Reached *** piety under Vehumet
  9455 | D:9      | Found a broken altar of Ashenzari.
  9542 | D:9      | Gained mutation: You have a somewhat thin skeletal
                  | structure. (Dex +2, Stealth) [demonic ancestry]
  9542 | D:9      | Reached XP level 10. HP: 63/63 MP: 15/23
  9600 | D:9      | Noticed Grum
  9645 | D:9      | Reached skill level 10 in Conjurations
  9685 | D:9      | Offered knowledge of Stone Arrow by Vehumet.
  9701 | D:9      | Learned a level 3 spell: Stone Arrow
  9961 | D:9      | Found Ygried's Armour Emporium.
  9969 | D:9      | Bought the +0 pair of gloves of Vehumet's Grace {rC+} for
                  | 240 gold pieces
 10059 | D:9      | Found a staircase to the Lair.
 10116 | D:9      | Reached skill level 10 in Spellcasting
 10260 | D:9      | Killed Grum
 10514 | D:10     | Entered Level 10 of the Dungeon
 10647 | D:10     | Noticed Urug
 10658 | D:10     | Hit by a javelin thrown by Urug

Illustrated notes

Levels and vault maps discovered:
D:1:      kennysheep_arrival_forest, layout_loops_ring,
          minmay_misc_feat_diagonals, kennysheep_decorative_pillar,
          minmay_pentomino_v2
D:2:      layout_basic, lemuel_doored_altar, uniq_natasha
D:3:      layout_loops_ring, cheibriados_altar_1, lemuel_tele_altar,
          uniq_grinder, uniq_terence
D:4:      layout_basic, serial_forest, infiniplex_forest_side_room,
          infiniplex_forest_clump_diagonal, infiniplex_forest_straight_2,
          infiniplex_forest_end_3, uniq_menkaure, uniq_duvessa
D:5:      layout_layer_cave, general_overflow_altar, serial_shops, shop,
          tgw_trog
D:6:      minmay_goblin_kobold_castle, layout_rooms, tgw_sif,
          minmay_temple_entry_statues_pillars, uniq_eustachio
D:7:      layout_loops_ring, lemuel_zombie_altar_kikubaaqudgha,
          lemuel_round_altar
D:8:      cheibrodos_elevator_heist, layout_basic,
          grunt_temple_overflow_order_and_chaos_2, grunt_gozag_statues,
          uniq_joseph
D:9:      layout_cross, ashenzari_conservatory_becter,
          due_lair_maze_entry_diamond, serial_shops, shop,
          hangedman_decor_diamond_cutter, kennysheep_generic_room_16, uniq_grum
D:10:     layout_rooms, nzn_life_drinkers, uniq_urug
Temple:   dshaligram_water_room_temple

Skill      XL: |  1  2  3  4  5  6  7  8  9 10 |
---------------+-------------------------------+-----
Spellcasting   | 3 4 5 6 7 9 10 | 10.4
Conjurations   | 5 6 7 8 9 10 | 10.3
Translocations | 1 2 3 4 |  4.0
Shields        | 1 3 |  3.3
Dodging        | |  1.7
Stealth        | |  1.7
Unarmed Combat | |  0.2

Action                   |  1- 3 |  4- 6 |  7- 9 | 10-12 || total
-------------------------+-------+-------+-------+-------++-------
Melee: Unarmed           |    40 |     8 |       |       ||    48
       Whip              |       |    23 |       |       ||    23
       Dagger            |       |       |     4 |     4 ||     8
 Cast: Magic Dart        |    57 |    60 |   212 |    44 ||   373
       Searing Ray       |       |    15 |    61 |    24 ||   100
       Iskenderun's Myst |       |       |     1 |     2 ||     3
       Stone Arrow       |       |       |       |    16 ||    16
       Mephitic Cloud    |       |       |       |     3 ||     3
  Use: Scroll            |       |     9 |     2 |     5 ||    16
       Potion            |       |     3 |       |     4 ||     7
Armor: Robe              |    11 |     9 |    20 |     7 ||    47
       Skin              |     4 |     1 |       |       ||     5
Dodge: Dodged            |    45 |    36 |    39 |    18 ||   138
Block: Kite shield       |       |       |    11 |    23 ||    34

Table legend: (Time is in decaauts)
 A = Elapsed time spent in this place.
 B = Non-inter-level travel time spent in this place.
 C = Inter-level travel time spent in this place.
 D = Time resting spent in this place.
 E = Time spent auto-exploring this place.
 F = Levels seen in this place.
 G = Mean time per level.
                   A        B        C        D        E       F      G
               +--------+--------+--------+--------+--------+-----+--------+
         Total |  10666 |  10402 |    264 |   1062 |   7654 |  11 |  969.6 |
       Dungeon |  10574 |  10331 |    243 |   1062 |   7591 |  10 | 1057.4 |
        Temple |     92 |     71 |     21 |      0 |     63 |   1 |   92.0 |
               +--------+--------+--------+--------+--------+-----+--------+

Top non-repeatable levels by time:
     D:6: 1557 daAuts
     D:2: 1468 daAuts
     D:5: 1467 daAuts
     D:4: 1320 daAuts
     D:9: 1192 daAuts
     D:1: 1144 daAuts
     D:7: 1092 daAuts
     D:3: 801 daAuts
     D:8: 452 daAuts
  Temple: 92 daAuts
    D:10: 77 daAuts
